 Dungeon Crawl Stone Soup version 0.28-a0-631-g0446da8ef9 (webtiles) character file.

Game seed: 1629388362405679980

458118 Johnny the Cryomancer (level 23, -4/213 (215) HPs)
             Began as a Black Draconian Ice Elementalist on Oct 10, 2021.
             Was a High Priest of Sif Muna.
             Succumbed to a golden dragon's poison gas
             ... on level 1 of the Vaults.
             The game lasted 01:21:15 (64322 turns).

Johnny the Cryomancer (DrIE)                       Turns: 64322, Time: 01:21:15

HP:   -4/213 (215)  AC: 24    Str: 15    XL:     23   Next: 2%
MP:   22/54         EV: 19    Int: 47    God:    Sif Muna [*****.]
Gold: 648           SH: 16    Dex: 18    Spells: 16/57 levels left

rFire   + . .      SeeInvis .   n - +7 broad axe of Ashenzari's Outrage {vorpal, Int+6 Dex+4}
rCold   + . .      Faith    .   s - +3 buckler {AC+3}
rNeg    + . .      Spirit   .   (armour unavailable)
rPois   .          Reflect  +   S - +3 hat of Pondering {ponderous, Will+ MP+10 Int+5}
rElec   +          Harm     +   U - +2 cloak {rCorr}
rCorr   +          Rampage  .   o - +0 pair of gloves of the Unbroken {rElec Will+ Slay-2}
Will    +++..                   Y - +2 pair of boots {Stlth+}
Stlth   +++.......              W - amulet "Galonyem" {Reflect Harm Str+3 SH+5}
HPRegen 0.45/turn               q - ring "Ukem" {+Blink rC+ Int+6 Dex+2 Stlth-}
MPRegen 0.34/turn               J - ring "Plog" {rF+ rN+ Int+6 Stlth+}

@: lethally poisoned (-4 -> -23), in a vortex, marked, unable to drink,
channelling, flying, studying Translocations, lightly drained, slow
A: no potions, breathe lightning, AC +11, unfitting armour, big wings,
electricity resistance, cold-blooded
}: 3/15 runes: serpentine, barnacled, slimy
a: Breathe Lightning, Renounce Religion, Evoke Blink, Channel Magic, Forget
Spell, Divine Exegesis


You were on level 1 of the Vaults.
You worshipped Sif Muna.
Sif Muna was extremely pleased with you.
You visited 10 branches of the dungeon, and saw 43 of its levels.
You visited the Abyss 1 time.
You also visited: Trove and Ice Cave.

You collected 5923 gold pieces.
You spent 5275 gold pieces at shops.

Inventory:

Hand Weapons
 n - the +7 broad axe of Ashenzari's Outrage (weapon) {vorpal, Int+6 Dex+4}
   (You found it on level 4 of the Dungeon)

   It inflicts extra damage upon your enemies.
   Int:       It affects your intelligence (+6).
   Dex:       It affects your dexterity (+4).
Missiles
 m - 8 throwing nets
Armour
 o - the +0 pair of gloves of the Unbroken (worn) {rElec Will+ Slay-2}
   (You bought it in a shop on level 1 of the Snake Pit)

   Slay:      It affects your accuracy & damage with ranged weapons and melee
   (-2).
   rElec:     It insulates you from electricity.
   Will:      It increases your willpower.
 s - a +3 buckler of protection (worn)
 S - the +3 hat of Pondering (worn) {ponderous, Will+ MP+10 Int+5}
   (You took it off Gastronok on level 3 of the Lair of Beasts)

   Int:       It affects your intelligence (+5).
   MP:        It affects your magic capacity (+10).
   Will:      It increases your willpower.
 U - a +2 cloak of preservation (worn)
 Y - a +2 pair of boots of stealth (worn)
Jewellery
 q - the ring "Ukem" (left hand) {+Blink rC+ Int+6 Dex+2 Stlth-}
   (You bought it in a shop on level 2 of the Orcish Mines)

   [ring of protection from cold]

   Int:       It affects your intelligence (+6).
   Dex:       It affects your dexterity (+2).
   rC:        It protects you from cold.
   +Blink:    It lets you blink.
   Stlth:     It makes you less stealthy.
 J - the ring "Plog" (right hand) {rF+ rN+ Int+6 Stlth+}
   (You found it on level 3 of the Snake Pit)

   [ring of intelligence]

   Int:       It affects your intelligence (+6).
   rF:        It protects you from fire.
   rN:        It protects you from negative energy.
   Stlth:     It makes you more stealthy.
 W - the amulet "Galonyem" (around neck) {Reflect Harm Str+3 SH+5}
   (You bought it in a shop on level 2 of the Orcish Mines)

   [amulet of reflection]

   It reflects blocked missile attacks.
   Str:       It affects your strength (+3).
   SH:        It affects your SH (+5).
   Harm:      It increases damage dealt and taken.
Wands
 k - a wand of acid (9)
 D - a wand of iceblast (8)
Scrolls
 a - 7 scrolls of fear
 b - a scroll of summoning
 c - a scroll of blinking
 d - 8 scrolls of immolation
 e - 5 scrolls of fog
 g - 4 scrolls of amnesia
 h - 7 scrolls of noise
 p - 17 scrolls of teleportation
 u - 2 scrolls of torment
 v - 21 scrolls of identify
 y - 4 scrolls of holy word
 E - 4 scrolls of magic mapping
 L - 3 scrolls of enchant armour
 M - 4 scrolls of vulnerability
Potions
 f - 7 potions of degeneration
 i - 17 potions of curing
 j - 4 potions of berserk rage
 r - 9 potions of heal wounds
 t - 3 potions of cancellation
 w - 4 potions of ambrosia
 z - 4 potions of attraction
 A - 2 potions of resistance
 B - 10 potions of flight
 C - 2 potions of invisibility
 F - 5 potions of lignification
 K - 3 potions of mutation
 O - 7 potions of brilliance
 Q - 7 potions of haste
 Z - 8 potions of might
Miscellaneous
 G - a phantom mirror
 H - a condenser vane
 V - a box of beasts


   Skills:
 + Level 20.0 Fighting
 + Level 10.6 Dodging
 - Level 1.7 Stealth
 + Level 15.1 Shields
 + Level 17.7 Spellcasting
 + Level 23.1 Ice Magic
 + Level 13.5 Air Magic
 - Level 11.5 Invocations


You had 16 spell levels left.
You knew the following spells:

 Your Spells              Type           Power      Damage    Failure   Level
a - Freeze                Ice            100%       1d11      0%          1
b - Frozen Ramparts       Ice            100%       1d12      0%          3
c - Ozocubu's Armour      Ice            100%       N/A       0%          3
d - Blink                 Tloc           N/A        N/A       1%          2
e - Ozocubu's Refrigerat  Ice            65%        4d18      1%          7
f - Hailstorm             Conj/Ice       100%       3d20      1%          4
g - Airstrike             Air            53%        N/A       1%          4
h - Polar Vortex          Ice            65%        N/A       3%          9
i - Maxwell's Capacitive  Air            53%        ∞         13%         8

Your spell library contained the following spells:

 Spells                   Type           Power      Damage    Failure   Level
 Ensorcelled Hibernation  Hex/Ice        100%       N/A       0%          2
 Swiftness                Air            100%       N/A       0%          3
 Animate Skeleton         Necr           82%        N/A       1%          1
 Apportation              Tloc           82%        N/A       1%          1
 Beastly Appendage        Tmut           82%        N/A       1%          1
 Foxfire                  Conj/Fire      100%       2x1d9     1%          1
 Magic Dart               Conj           100%       1d8       1%          1
 Pain                     Necr           100%       1d9       1%          1
 Sandblast                Erth           82%        2d17      1%          1
 Shock                    Conj/Air       100%       1d9       1%          1
 Sting                    Tmut/Pois      100%       1d8       1%          1
 Summon Small Mammal      Summ           100%       N/A       1%          1
 Corpse Rot               Necr/Air       N/A        N/A       1%          2
 Passwall                 Tmut/Erth      34%        N/A       1%          2
 Poisonous Vapours        Pois/Air       100%       N/A       1%          2
 Scorch                   Fire           82%        2d9       1%          2
 Searing Ray              Conj           82%        2d7       1%          2
 Slow                     Hex            41%        N/A       1%          2
 Static Discharge         Conj/Air       81%        N/A       1%          2
 Sublimation of Blood     Necr           20%        N/A       1%          2
 Wereblood                Tmut           41%        N/A       1%          2
 Call Canine Familiar     Summ           41%        N/A       1%          3
 Confusing Touch          Hex            41%        N/A       1%          3
 Conjure Flame            Conj/Fire      41%        6-21      1%          3
 Dazzling Flash           Conj/Hex       82%        N/A       1%          3
 Gell's Gravitas          Tloc           20%        N/A       1%          3
 Ignite Poison            Fire/Tmut/Pois 41%        N/A       1%          3
 Inner Flame              Hex/Fire       41%        N/A       1%          3
 Lesser Beckoning         Tloc           41%        N/A       1%          3
 Mephitic Cloud           Conj/Pois/Air  71%        N/A       1%          3
 Portal Projectile        Hex/Tloc       82%        N/A       1%          3
 Spider Form              Tmut/Pois      20%        N/A       1%          3
 Stone Arrow              Conj/Erth      82%        3d12      1%          3
 Summon Guardian Golem    Hex/Summ       41%        N/A       1%          3
 Teleport Other           Tloc           41%        N/A       1%          3
 Tukima's Dance           Hex            41%        N/A       1%          3
 Vampiric Draining        Necr           20%        2d8       1%          3
 Ice Form                 Ice/Tmut       100%       N/A       1%          4
 Summon Ice Beast         Ice/Summ       100%       N/A       1%          4
 Summon Lightning Spire   Summ/Air       81%        N/A       1%          4
 Freezing Cloud           Conj/Ice/Air   51%        6-21      1%          5
 Lightning Bolt           Conj/Air       40%        1d59      1%          5
 Metabolic Englaciation   Hex/Ice        50%        N/A       1%          5
 Silence                  Hex/Air        40%        N/A       1%          5
 Simulacrum               Ice/Necr       50%        N/A       1%          6
 Animate Dead             Necr           20%        N/A       4%          4
 Cause Fear               Hex            20%        N/A       4%          4
 Flame Wave               Conj/Fire      41%        3d8       4%          4
 Fulminant Prism          Conj/Hex       20%        3d13      4%          4
 Iskenderun's Mystic Bla  Conj/Tloc      41%        2d9       4%          4
 Leda's Liquefaction      Hex/Erth       20%        N/A       4%          4
 Olgreb's Toxic Radiance  Pois           41%        N/A       4%          4
 Passage of Golubria      Tloc           N/A        N/A       4%          4
 Petrify                  Tmut/Erth      41%        N/A       4%          4
 Sticky Flame             Conj/Fire      41%        2d6       4%          4
 Conjure Ball Lightning   Conj/Air       40%        3x3d13    4%          6
 Agony                    Necr           41%        N/A       14%         5
 Blade Hands              Tmut           20%        N/A       14%         5
 Borgnjor's Vile Clutch   Necr/Erth      20%        N/A       14%         5
 Excruciating Wounds      Necr           20%        N/A       14%         5
 Fireball                 Conj/Fire      20%        3d10      14%         5
 Irradiate                Conj/Tmut      20%        3d20      14%         5
 Iskenderun's Battlesphe  Conj           41%        2d9       14%         5
 Lee's Rapid Deconstruct  Erth           20%        3d13*     14%         5
 Manifold Assault         Tloc           41%        N/A       14%         5
 Summon Forest            Summ/Tloc      20%        N/A       14%         5
 Summon Mana Viper        Hex/Summ       41%        N/A       14%         5
 Yara's Violent Unravell  Hex/Tmut       20%        3d9       14%         5
 Storm Form               Tmut/Air       40%        N/A       26%         7
 Death Channel            Necr           20%        N/A       58%         6
 Dispersal                Tloc           20%        N/A       58%         6
 Eringya's Noxious Bog    Tmut/Pois      20%        N/A       58%         6
 Invisibility             Hex            20%        N/A       58%         6
 Iron Shot                Conj/Erth      20%        9d5       58%         6
 Starburst                Conj/Fire      20%        6d7       58%         6
 Statue Form              Tmut/Erth      27%        N/A       58%         6
 Summon Cactus Giant      Summ           20%        N/A       58%         6
 Dragon Form              Tmut           20%        N/A       99%         7
 Haunt                    Necr/Summ      20%        N/A       99%         7
 Malign Gateway           Summ/Tloc      20%        N/A       99%         7
 Monstrous Menagerie      Summ           20%        N/A       99%         7
 Orb of Destruction       Conj           20%        9d9       99%         7
 Spellforged Servitor     Conj/Summ      20%        N/A       99%         7
 Summon Hydra             Summ           20%        N/A       99%         7
 Borgnjor's Revivificati  Necr           20%        N/A       100%        8
 Ignition                 Fire           20%        3d7       100%        8
 Infestation              Necr           20%        N/A       100%        8
 Lehudib's Crystal Spear  Conj/Erth      20%        10d6      100%        8
 Necromutation            Tmut/Necr      20%        N/A       100%        8
 Summon Horrible Things   Summ           20%        N/A       100%        8
 Chain Lightning          Conj/Air       40%        3d54      100%        9
 Death's Door             Necr           20%        N/A       100%        9
 Dragon's Call            Summ           20%        N/A       100%        9
 Shatter                  Erth           20%        3d18*     100%        9
 Animate Armour           Summ/Erth      Unusable   N/A       N/A         4

Dungeon Overview and Level Annotations

Branches:
Dungeon (15/15)            Temple (1/1) D:7            Lair (6/6) D:11
 Shoals (4/4) Lair:4        Snake (4/4) Lair:2        Slime (5/5) Lair:6
    Orc (2/2) D:12            Elf (3/3) Orc:2        Vaults (1/5) D:13
 Depths (2/4) D:15          IceCv (visited)

Altars:
Ashenzari
Cheibriados
Dithmenos
Elyvilon
Fedhas
Gozag
Hepliaklqana
Kikubaaqudgha
Makhleb
Nemelex Xobeh
Okawaru
Qazlal
Ru
Sif Muna
Trog
Uskayaw
Vehumet
Wu Jian
Xom
Yredelemnul
Zin
The Shining One
Jiyva
Lugonu

Shops:
D:3 !   Orc:2 ==(*[   Elf:3 **   Shoals:1 (   Shoals:4 [   Snake:1 *([?
Snake:4 ?   Depths:2 :=:

Portals:
Hell: Depths:1 Depths:2
Abyss: Depths:2
Pandemonium: Depths:2

Annotations:
D:7 3 runed translucent doors, Silenceoftheyaks's ghost, novice OpTm; paps's ghost, novice DsGl
D:10 1 runed translucent door, wpisznazwe's ghost, novice DgFi
D:11 exclusion: orange crystal statue
D:14 Roxanne
Elf:2 3 runed translucent doors


Innate Abilities, Weirdness & Mutations

You cannot drink.
You can breathe wild blasts of lightning.
Your glossy black scales are hard. (AC +11)
You cannot fit into any form of body armour.
Your large and strong wings let you fly.
You are resistant to electric shocks. (rElec)
You are cold-blooded and may be slowed by cold attacks.


Message History

You kill the fire giant!
Sif Muna accepts your kill.
The golden dragon breathes poison at you.
The blast of poison engulfs you but does no damage.
You are poisoned.
You are engulfed in poison gas.
You are more poisoned.
* * * LOW HITPOINT WARNING * * *
You feel extremely sick.
Casting: Ozocubu's Refrigeration (safe; 1% risk of failure)
Confirm with . or Enter, or press ? or * to list all spells.
A great freezing vortex appears around you.
You are engulfed in poison gas.
You are more poisoned.
* * * LOW HITPOINT WARNING * * *
You feel extremely sick.
You block the golden dragon's attack. x2
The golden dragon tramples you but does no damage.
You are engulfed in poison gas.
You are lethally poisoned!
* * * LOW HITPOINT WARNING * * *
x2 You feel extremely sick.
You kill the golden dragon!
Sif Muna accepts your kill.
* * * LOW HITPOINT WARNING * * *
You feel extremely sick.
You cannot drink potions in your current state!
Okay, then.
* * * LOW HITPOINT WARNING * * *
You feel extremely sick.
You cannot drink potions in your current state!
Okay, then.
You cannot drink potions in your current state!
Okay, then.
Okay, then.
Okay, then.
Casting: Polar Vortex (dangerous; 3% risk of failure)
Confirm with . or Enter, or press ? or * to list all spells.
Okay, then.
You die...

.............
#............#
#§§§§§§§§§...#
#§§§§§°§§§...# #...
#§§§°§§§§§...# #...+
#§§§§§§§§§...# #...#
#§§○§§§§§§...# #...#
#§§§§§§§§§...# #...#
#°§@§§°§§§...#
#...####+####§§§§§§§§§...#
#.........§§§§§§°§§°§§...#
#.........§§§§§§§§§§§§...#
####'############§#########
......# #.)†.)'... ......#
#....)Q... ......#
#!...##).. ......# ###### .


There were no monsters in sight!

Vanquished Creatures
  the Royal Jelly (Slime:5)
  Mara (Depths:1)
  Bai Suzhen (Shoals:4)
  Saint Roka (Snake:3)
  A caustic shrike (Depths:2)
  A golden dragon (Vaults:1)
  Nikola (Elf:2)
  Rupert (D:12)
  Jorgrun (Shoals:1)
  2 tentacled monstrosities
  2 liches (Depths:2)
  Asterion (Vaults:1)
  The ghost of Bujuoga the Warrior, an adept PaFi of Okawaru (Elf:3)
  A deep elf blademaster (Elf:3)
  2 deep elf master archers (Elf:3)
  Polyphemus (Shoals:4)
  21 acid blobs
  Frances (D:12)
  3 sphinxes
  Gastronok (Lair:3)
  A tentacled starspawn (Abyss:3)
  Kirke (D:12)
  2 tengu reavers
  2 nagarajas (Snake:3)
  Donald (Snake:3)
  5 fire giants
  9 azure jellies
  A fire giant (shapeshifter) (Depths:1)
  11 rockslimes
  An iron dragon (Depths:2)
  A vault warden (Vaults:1)
  Aizul (Snake:1)
  An orc warlord (Orc:2)
  10 deep elf sorcerers
  2 frost giants (Depths:1)
  A balrug (Depths:2)
  A caustic shrike zombie (D:15)
  A spriggan defender (Depths:2)
  4 deep elf elementalists (Elf:3)
  14 quicksilver oozes
  A reaper (Depths:2)
  7 stone giants
  2 ironbound preservers (Vaults:1)
  7 very ugly things
  A vampire knight (Depths:2)
  5 deep elf demonologists
  A spark wasp (shapeshifter) (Depths:1)
  8 deep elf annihilators
  3 dire elephants (Vaults:1)
  8 spark wasps (Depths:2)
  Snorg (Orc:1)
  2 blizzard demons
  4 ettins
  4 deep elf death magi (Elf:3)
  5 merfolk javelineers
  A fire dragon (Depths:1)
  Josephine (D:15)
  8 merfolk impalers
  A rakshasa (Depths:2)
  3 yaktaur captains (Vaults:1)
  A deep elf high priest (Elf:3)
  5 great orbs of eyes
  An ironbound thunderhulk (Vaults:1)
  8 boulder beetles
  15 naga warriors
  A spectral kraken (Shoals:1)
  A merfolk avatar (Shoals:4)
  A spriggan air mage (Depths:2)
  16 hydras
  5 ice dragons
  The ghost of Heedrag the Destroyer, a journeyman DsCj of Vehumet (D:11)
  4 salamander tyrants
  A hell beast (Depths:2)
  An ogre mage (D:12)
  A vault guard (D:13)
  An ironbound frostheart (Vaults:1)
  3 ghost crabs (Shoals:1)
  15 anacondas
  A catoblepas (Shoals:4)
  7 centaur warriors
  5 merfolk aquamancers
  3 alligator snapping turtles
  10 two-headed ogres
  3 satyrs
  14 dancing weapons
  The ghost of Conn the Thaumaturge, a journeyman OpFE of Sif Muna (D:11)
  2 death yaks (Shoals:4)
  3 deep troll shamans
  5 tengu warriors
  A vampire mage (D:15)
  4 orc high priests (Orc:2)
  Urug (D:12)
  A deep troll earth mage (Depths:2)
  4 thrashing horrors (Abyss:3)
  A hell hog (Depths:2)
  A sun demon (Depths:2)
  11 naga sharpshooters
  13 shock serpents
  12 deep elf knights
  7 salamander mystics
  5 iron trolls
  6 skeletal warriors
  14 deep trolls
  A lindwurm (shapeshifter) (Elf:1)
  5 orc knights
  15 sea snakes
  10 naga ritualists
  A glowing orange brain (Slime:5)
  2 ironbound convokers (Vaults:1)
  2 wizards (Vaults:1)
  25 harpies
  19 deep elf archers
  33 ugly things
  4 lindwurms
  4 orc sorcerers
  32 deep elf zephyrmancers
  An obsidian statue (Elf:3)
  A fire giant zombie (D:15)
  A necromancer (D:15)
  12 mana vipers
  31 deep elf pyromancers
  11 cyclopes
  34 salamanders
  16 manticores
  2 shining eyes
  19 fauns
  A worldbinder (Abyss:3)
  A spectral alligator snapping turtle (Shoals:1)
  3 rust devils
  36 black mambas
  10 merfolk sirens
  11 elephants
  13 cane toads
  12 water nymphs
  An eye of devastation (Slime:2)
  25 naga magi
  3 vault sentinels (Vaults:1)
  9 guardian serpents
  2 ice statues (IceCv)
  A torpor snail (shapeshifter) (Elf:2)
  A kobold demonologist (D:10)
  12 yaktaurs
  6 rime drakes
  3 efreet
  6 ice devils (IceCv)
  A hellwing (Depths:2)
  7 komodo dragons
  3 tengu conjurers
  An anaconda simulacrum (IceCv)
  An ancient zyme (Abyss:3)
  7 trolls
  4 polar bears
  A queen bee (shapeshifter) (D:14)
  Prince Ribbit (D:6)
  8 wind drakes
  Grinder (D:6)
  6 hornets (Lair:6)
  28 merfolk
  11 blink frogs
  15 dream sheep
  A raiju (shapeshifter) (Elf:1)
  5 raiju (Abyss:3)
  11 snapping turtles
  153 slime creatures
  3 air elementals
  A centaur simulacrum (D:15)
  12 spriggans (Lair:6)
  21 water elementals
  A shadow (D:9)
  2 dire elephant simulacra (IceCv)
  2 spriggan skeletons (D:15)
  7 starcursed masses (Abyss:3)
  2 ynoxinuls (Abyss:3)
  5 hogs (D:12)
  29 yaks
  A vampire (D:12)
  5 wyverns
  A human (D:12)
  4 wraiths (D:15)
  2 fire elementals
  21 golden eyes
  A steam dragon (D:7)
  10 basilisks
  2 death yak simulacra (IceCv)
  9 vampire mosquitoes
  6 wargs
  42 nagas
  11 water moccasins
  An acid dragon (D:12)
  A floating eye (Slime:5)
  38 orc warriors
  3 ice beasts
  2 sky beasts
  7 ogres
  34 wolves
  3 necrophages
  12 boggarts
  A tengu (shapeshifter) (D:15)
  10 black bears
  14 centaurs
  2 phantoms
  Blork the orc (D:6)
  5 earth elementals
  5 kobold brigands
  5 scorpions
  8 bullfrogs
  An elf skeleton (D:7)
  2 cane toad simulacra (IceCv)
  A two-headed ogre simulacrum (IceCv)
  A water moccasin zombie (D:3)
  A wyvern skeleton (D:6)
  4 wights
  3 killer bees (D:9)
  6 electric eels
  7 howler monkeys
  3 lava snakes (D:11)
  A centaur zombie (D:9)
  Crazy Yiuf (D:5)
  13 jellies
  24 orc priests
  2 human skeletons (D:7)
  A bullfrog skeleton (D:5)
  4 gnoll shamans
  3 hounds
  A human zombie (D:7)
  A centaur skeleton (D:5)
  5 iguanas
  39 orc wizards
  A scorpion zombie (D:5)
  2 spriggan simulacra (IceCv)
  2 troll simulacra (IceCv)
  A wolf simulacrum (IceCv)
  A hound zombie (D:5)
  A howler monkey zombie (D:7)
  4 naga simulacra (IceCv)
  9 adders
  17 gnolls
  2 white imps (IceCv)
  3 ufetubi
  2 adder skeletons (D:4)
  A worm (D:4)
  5 dart slugs
  88 orcs
  9 ball pythons
  9 bats
  2 bat zombies (D:7)
  8 endoplasms
  4 giant cockroaches
  7 goblins
  5 hobgoblins
  6 jackals (D:1)
  2 quokkas
  4 frilled lizards
  28 kobolds
  2 orc skeletons (D:7)
  7 rats
  A bush (Lair:4)
  A starspawn tentacle (Abyss:3)
  A tentacle (Shoals:1)
  A withered plant (D:15)
1818 creatures vanquished.

Vanquished Creatures (collateral kills)
  A blink frog (Lair:2)
1 creature vanquished.

Vanquished Creatures (others)
  A manticore (D:12)
  A naga mage (Snake:2)
  An orc wizard (Orc:2)
  2 orcs (D:7)
  51 fungi
  128 plants
  A starspawn tentacle (Abyss:3)
  3 tentacles (Shoals:1)
  29 withered plants
217 creatures vanquished.

Grand Total: 2036 creatures vanquished

Notes
Turn   | Place    | Note
-------+----------+-------------------------------------------
     0 | D:1      | Johnny the Draconian Ice Elementalist began the quest for
                  | the Orb.
     0 | D:1      | Reached XP level 1. HP: 14/14 MP: 3/3
   167 | D:1      | Reached XP level 2. HP: 10/22 MP: 0/5
   224 | D:1      | Reached skill level 1 in Fighting
  1050 | D:1      | Reached XP level 3. HP: 24/28 MP: 6/6
  1735 | D:2      | Found a white marble altar of Elyvilon.
  2284 | D:2      | Reached XP level 4. HP: 36/36 MP: 8/8
  2609 | D:3      | Found a glowing silver altar of Zin.
  2850 | D:3      | Learned a level 3 spell: Frozen Ramparts
  2854 | D:3      | Learned a level 3 spell: Ozocubu's Armour
  3083 | D:3      | Found a sparkling altar of Nemelex Xobeh.
  3088 | D:3      | Found a hide-covered altar of Uskayaw.
  3154 | D:3      | Found a sacrificial altar of Ru.
  3640 | D:4      | Found an ornate altar of the Wu Jian Council.
  3815 | D:4      | Reached XP level 5. HP: 44/44 MP: 1/9
  4224 | D:4      | Reached skill level 5 in Ice Magic
  4371 | D:4      | Noticed an ogre
  4379 | D:4      | Killed an ogre
  4380 | D:4      | Reached XP level 6. HP: 52/52 MP: 1/11
  4460 | D:4      | Identified the +7 broad axe of Ashenzari's Outrage {vorpal,
                  | Int+6 Dex+4}
  4912 | D:5      | Entered Level 5 of the Dungeon
  5019 | D:5      | Your scales start taking on a glossy black colour.
  5019 | D:5      | Reached XP level 7. HP: 49/60 MP: 13/13
  5019 | D:5      | Gained mutation: You are resistant to electric shocks.
                  | (rElec) [Black Draconian growth]
  5130 | D:5      | Reached skill level 6 in Ice Magic
  5149 | D:5      | Reached skill level 1 in Shields
  5234 | D:5      | Found a runed translucent door.
  5235 | D:5      | Noticed Crazy Yiuf
  5372 | D:5      | Reached skill level 5 in Fighting
  5649 | D:5      | Killed Crazy Yiuf
  5753 | D:3      | Reached skill level 5 in Spellcasting
  5846 | D:3      | Found Henty's Distillery.
  5852 | D:3      | Bought a potion of curing for 33 gold pieces
  5852 | D:3      | Bought a potion of heal wounds for 55 gold pieces
  5852 | D:3      | Bought a potion of lignification for 33 gold pieces
  5852 | D:3      | Bought a potion of cancellation for 88 gold pieces
  6039 | D:3      | Reached XP level 8. HP: 65/68 MP: 15/15
  6258 | D:6      | Noticed Grinder
  6264 | D:6      | Paralysed by Grinder for 2 turns
  6276 | D:6      | Killed Grinder
  6479 | D:6      | Noticed Blork the orc
  6499 | D:6      | Reached skill level 7 in Ice Magic
  6500 | D:6      | Killed Blork the orc
  6876 | D:5      | Reached XP level 9. HP: 78/78 MP: 12/18
  7505 | D:6      | Noticed Prince Ribbit
  7511 | D:6      | Killed Prince Ribbit
  7512 | D:6      | Reached skill level 5 in Shields
  7512 | D:6      | Reached skill level 8 in Ice Magic
  7689 | D:7      | Noticed a boulder beetle
  7717 | D:7      | Killed a boulder beetle
  7960 | D:7      | Found a runed translucent gate.
  7962 | D:7      | Found a runed translucent gate.
  7963 | D:7      | Found a runed translucent gate.
  7964 | D:7      | Noticed paps's ghost (novice DsGl)
  7965 | D:7      | Noticed Silenceoftheyaks's ghost (novice OpTm)
  8088 | D:7      | Noticed a cyclops
  8096 | D:7      | Killed a cyclops
  8097 | D:7      | Reached XP level 10. HP: 48/88 MP: 11/20
  8143 | D:7      | Found a shimmering altar of Xom.
  8347 | D:7      | Found a staircase to the Ecumenical Temple.
  8948 | D:7      | Found an iron altar of Okawaru.
  9683 | D:7      | Found an ancient bone altar of Kikubaaqudgha.
  9995 | D:8      | Reached skill level 9 in Ice Magic
 10201 | D:8      | Noticed a two-headed ogre
 10267 | Temple   | Entered the Ecumenical Temple
 10698 | D:8      | Killed a two-headed ogre
 10993 | D:8      | Found a shimmering blue altar of Sif Muna.
 11131 | D:8      | Became a worshipper of Sif Muna the Loreminder
 11392 | D:9      | Learned a level 4 spell: Hailstorm
 11820 | D:9      | Reached XP level 11. HP: 97/97 MP: 23/23
 12277 | D:10     | Entered Level 10 of the Dungeon
 12354 | D:10     | Noticed a two-headed ogre
 12360 | D:10     | Reached * piety under Sif Muna
 12370 | D:10     | Killed a two-headed ogre
 12371 | D:10     | Reached skill level 10 in Ice Magic
 12544 | D:10     | Noticed a green ugly thing
 12551 | D:10     | Killed a green ugly thing
 12767 | D:10     | Reached skill level 10 in Fighting
 12835 | D:10     | Found a runed translucent door.
 12835 | D:10     | Found a shimmering altar of Xom.
 12835 | D:10     | Noticed wpisznazwe's ghost (novice DgFi)
 12835 | D:10     | Noticed a +2 trident of chaos
 12872 | D:10     | Reached ** piety under Sif Muna
 13194 | D:11     | Noticed an orange crystal statue
 13229 | D:11     | Noticed an eight-headed hydra
 13242 | D:11     | Killed an eight-headed hydra
 13379 | D:11     | Found a runed translucent gate.
 13381 | D:11     | Found a runed translucent gate.
 13382 | D:11     | Found a runed translucent gate.
 13387 | D:11     | Noticed Heedrag's ghost (journeyman DsCj)
 13387 | D:11     | Noticed Conn's ghost (journeyman OpFE)
 13390 | D:11     | Noticed a two-headed ogre
 13403 | D:11     | Killed a two-headed ogre
 13861 | D:11     | Noticed a five-headed hydra
 13872 | D:11     | Killed a five-headed hydra
 13923 | D:11     | Found a staircase to the Lair.
 14158 | D:12     | Noticed Frances
 14176 | Lair:1   | Entered Level 1 of the Lair of Beasts
 14213 | Lair:1   | Noticed a six-headed hydra
 14230 | Lair:1   | Killed a seven-headed hydra
 14637 | Lair:1   | Reached XP level 12. HP: 109/110 MP: 25/25
 14929 | Lair:1   | Reached skill level 11 in Ice Magic
 15296 | Lair:2   | Noticed a six-headed hydra
 15304 | Lair:2   | Killed a six-headed hydra
 15370 | Lair:2   | Noticed an eight-headed hydra
 15383 | Lair:2   | Killed a ten-headed hydra
 15587 | Lair:2   | Noticed a seven-headed hydra
 15596 | Lair:2   | Killed a seven-headed hydra
 15685 | Lair:2   | Reached skill level 10 in Spellcasting
 15868 | Lair:2   | Identified a scroll of acquirement
 15902 | Lair:2   | Noticed a boulder beetle
 15927 | Lair:2   | Killed a boulder beetle
 15960 | Lair:2   | Acquired the ring "Sobaw" {rCorr Dex+6 Stlth+}
 16088 | Lair:2   | Found a staircase to the Snake Pit.
 16405 | Lair:2   | Noticed a boulder beetle
 16412 | Lair:2   | Killed a boulder beetle
 16412 | Lair:2   | Reached *** piety under Sif Muna
 16413 | Lair:2   | Reached skill level 10 in Shields
 16839 | Lair:3   | Found a frozen archway.
 16848 | IceCv    | Entered an ice cave
 16933 | IceCv    | Acquired 928 gold pieces
 18109 | IceCv    | Reached skill level 12 in Ice Magic
 18506 | IceCv    | Got Sif Muna's Almanac of Snow
 18667 | IceCv    | Noticed a reaper
 18680 | IceCv    | Learned a level 7 spell: Ozocubu's Refrigeration
 18827 | Lair:3   | Reached **** piety under Sif Muna
 18884 | Lair:3   | Identified the amulet "Hiamaani" {Faith Int+5}
 18947 | Lair:3   | Reached XP level 13. HP: 116/118 MP: 27/27
 18957 | Lair:3   | Noticed Gastronok
 19569 | Lair:3   | Reached skill level 13 in Ice Magic
 19990 | Lair:3   | Reached ***** piety under Sif Muna
 20074 | Lair:3   | Identified the +2 ring mail "Custricvo" {Will+++}
 20147 | Lair:3   | Killed Gastronok
 20754 | Lair:4   | Reached skill level 1 in Invocations
 21012 | Lair:4   | Found a hazy altar of Hepliaklqana.
 21106 | Lair:4   | Found a staircase to the Shoals.
 21109 | Lair:4   | Received a gift from Sif Muna
 21111 | Lair:4   | Got Sif Muna's Incunabulum of Dusty Battle Magic {god gift}
 21113 | Lair:4   | Reached skill level 14 in Ice Magic
 21827 | Lair:5   | Found an opulent altar of Gozag.
 22191 | Lair:5   | Gained mutation: Your large and strong wings let you fly.
                  | [Black Draconian growth]
 22191 | Lair:5   | Reached XP level 14. HP: 102/127 MP: 27/29
 22864 | Lair:6   | Entered Level 6 of the Lair of Beasts
 23492 | Lair:6   | Received a gift from Sif Muna
 23682 | Lair:6   | Reached skill level 15 in Ice Magic
 24049 | Lair:6   | Reached skill level 5 in Invocations
 24152 | Lair:6   | Found a viscous altar of Jiyva.
 24152 | Lair:6   | Found a staircase to the Slime Pits.
 25201 | D:12     | Found a staircase to the Orcish Mines.
 25233 | Orc:1    | Entered Level 1 of the Orcish Mines
 25312 | Orc:1    | Noticed Snorg
 25318 | Orc:1    | Killed Snorg
 25697 | Orc:1    | Received a gift from Sif Muna
 25703 | Orc:1    | Got Sif Muna's Papyrus of Frigorific Bewitchment {god gift}
 25960 | Orc:2    | Entered Level 2 of the Orcish Mines
 25962 | Orc:2    | Found a staircase to the Elven Halls.
 25975 | Orc:2    | Found Gianosucs's Jewellery Shop.
 26029 | Orc:2    | Bought the amulet "Galonyem" {Reflect Harm Str+3 SH+5} for
                  | 562 gold pieces
 26497 | Orc:2    | Noticed an orc warlord
 26501 | Orc:2    | Killed an orc warlord
 26706 | Orc:2    | Reached skill level 16 in Ice Magic
 26708 | Orc:2    | Found Boejote's General Store.
 26708 | Orc:2    | Found Jiutzih's Jewellery Emporium.
 26710 | Orc:2    | Found Loageh's Antique Armour Shoppe.
 26710 | Orc:2    | Found Keshimn's Antique Weapon Shoppe.
 26806 | Orc:2    | Bought a distressingly furry cloak for 199 gold pieces
 26806 | Orc:2    | Identified the +1 cloak "Ashres" {Drain rN+ Slay+2} (You
                  | bought it in a shop on level 2 of the Orcish Mines)
 26827 | Orc:2    | Bought a potion of invisibility for 120 gold pieces
 26827 | Orc:2    | Bought a potion of ambrosia for 120 gold pieces
 26827 | Orc:2    | Bought the ring "Ukem" {+Blink rC+ Int+6 Dex+2 Stlth-} for
                  | 816 gold pieces
 26827 | Orc:2    | Bought a +0 pair of boots of stealth for 172 gold pieces
 26827 | Orc:2    | Bought a potion of might for 60 gold pieces
 27225 | Elf:1    | Entered Level 1 of the Elven Halls
 27228 | Elf:1    | Reached XP level 15. HP: 136/137 MP: 31/31
 27232 | Elf:1    | Noticed an Executioner
 27232 | Elf:1    | Noticed a deep elf sorcerer
 27235 | Elf:1    | Killed a deep elf sorcerer
 27646 | Elf:1    | Received a gift from Sif Muna
 29117 | Elf:1    | Got Lapsuifys's Catalogue of Congealing Sinister Rituals
                  | {god gift}
 29135 | Elf:1    | Got the Catalogue of Confrontation
 29285 | Elf:2    | Reached skill level 17 in Ice Magic
 29852 | Elf:2    | Noticed Nikola
 29859 | Elf:2    | Killed Nikola
 30050 | Elf:2    | Reached skill level 15 in Fighting
 30108 | Elf:2    | Reached XP level 16. HP: 131/149 MP: 24/33
 30330 | Elf:2    | Found a runed translucent gate.
 30331 | Elf:2    | Found a runed translucent gate.
 30331 | Elf:2    | Found a runed translucent gate.
 30447 | Elf:3    | Entered Level 3 of the Elven Halls
 30773 | Elf:3    | Found Zobarrya's General Store.
 30781 | Elf:3    | Bought a scroll of magic mapping for 63 gold pieces
 30781 | Elf:3    | Bought a scroll of immolation for 63 gold pieces
 30781 | Elf:3    | Bought a scroll of identify for 36 gold pieces
 30781 | Elf:3    | Bought a scroll of blinking for 135 gold pieces
 31009 | Elf:3    | Received a gift from Sif Muna
 31009 | Elf:3    | Cast into level 3 of the Abyss (a deep elf sorcerer)
 31215 | Abyss:3  | Noticed a tentacled starspawn
 31219 | Abyss:3  | Killed a tentacled starspawn
 31220 | Abyss:3  | Reached skill level 18 in Ice Magic
 31260 | Elf:3    | Escaped the Abyss
 31263 | Elf:3    | Noticed a deep elf blademaster
 31494 | Elf:3    | Reached skill level 10 in Invocations
 31560 | Elf:3    | Identified the ring of Yha Tisma {EV+4 Str+6 Int+4}
 31713 | Elf:3    | Noticed a deep elf master archer
 31715 | Elf:3    | Killed a deep elf master archer
 31947 | Elf:3    | Got Sif Muna's Almanac of the Warped Mountains {god gift}
 31948 | Elf:3    | Noticed a deep elf master archer
 31951 | Elf:3    | Killed a deep elf master archer
 31993 | Elf:3    | Killed a deep elf blademaster
 32296 | Elf:3    | Noticed an Executioner
 32297 | Elf:3    | Identified the amulet "Romuimac" {rC+ Regen+}
 32394 | Elf:3    | Identified the ring "Aplanuk" {Will+ Str+2 Int+4 Dex+6
                  | Stlth+}
 32441 | Elf:3    | Identified the ring of Lelin {rF+ Dex+2 SInv Stlth+}
 32679 | Elf:3    | Found a runed translucent gate.
 32679 | Elf:3    | Found a runed translucent gate.
 32679 | Elf:3    | Found a runed translucent gate.
 32680 | Elf:3    | Found an opulent altar of Gozag.
 32684 | Elf:3    | Found Hovax's Assorted Antiques.
 32684 | Elf:3    | Noticed Bujuoga's ghost (adept PaFi)
 32691 | Elf:3    | Reached XP level 17. HP: 158/158 MP: 35/35
 32709 | Elf:3    | Killed Bujuoga's ghost
 32972 | Elf:3    | Bought a sedimented pink potion for 31 gold pieces
 32972 | Elf:3    | Bought a scroll of blinking for 262 gold pieces
 32972 | Elf:3    | Bought a potion of lignification for 105 gold pieces
 32972 | Elf:3    | Bought a potion of curing for 105 gold pieces
 32972 | Elf:3    | Bought a scroll of magic mapping for 122 gold pieces
 32976 | Elf:3    | Reached skill level 19 in Ice Magic
 32976 | Elf:3    | Reached XP level 18. HP: 166/166 MP: 36/36
 33783 | D:12     | Noticed Rupert
 33788 | D:12     | Killed Rupert
 33960 | D:12     | Received a gift from Sif Muna
 33983 | D:12     | Got Sif Muna's Volume of Flight {god gift}
 33995 | D:12     | Noticed Kirke
 33998 | D:12     | Killed Kirke
 34136 | D:12     | Noticed Urug
 34144 | D:12     | Killed Urug
 34263 | D:12     | Killed Frances
 34850 | D:13     | Reached skill level 1 in Air Magic
 36292 | D:13     | Found a gate to the Vaults.
 36761 | D:14     | Found a portal to a secret trove of treasure.
 36771 | D:14     | Reached skill level 15 in Spellcasting
 36955 | D:14     | Noticed Roxanne
 37469 | D:15     | Entered Level 15 of the Dungeon
 37472 | D:15     | Received a gift from Sif Muna
 37473 | D:15     | Got Sif Muna's Incunabulum of Frigorific Translocation {god
                  | gift}
 37777 | D:15     | Found a staircase to the Depths.
 37790 | D:15     | Reached skill level 20 in Ice Magic
 38077 | D:15     | Noticed Josephine
 38080 | D:15     | Killed Josephine
 38855 | Depths:1 | Entered Level 1 of the Depths
 38855 | Depths:1 | Found a gateway to Hell.
 38876 | D:15     | Learned a level 2 spell: Blink
 38881 | D:15     | Learned a level 4 spell: Airstrike
 38891 | D:15     | Learned a level 9 spell: Polar Vortex
 39196 | Depths:1 | Reached XP level 19. HP: 119/177 MP: 18/38
 39642 | Depths:1 | Received a gift from Sif Muna
 39643 | Depths:1 | Reached skill level 5 in Air Magic
 40014 | Depths:1 | Noticed Mara
 40019 | Depths:1 | Noticed Johnny's illusion
 40019 | Depths:1 | Killed Mara
 40623 | Depths:2 | Reached skill level 5 in Dodging
 40705 | Depths:2 | Found Weymyhab's Book Boutique.
 40705 | Depths:2 | Found Diguq's Jewellery Shoppe.
 40707 | Depths:2 | Found Ypuzutzo's Book Boutique.
 40715 | Depths:2 | Bought the ring "Odeskin" {rElec rF+ Int+5 Slay-5 Stlth+}
                  | for 344 gold pieces
 41192 | Depths:2 | Noticed a caustic shrike
 41202 | Depths:2 | Identified the ring of Munepong {Contam Int+7 SInv}
 41717 | Depths:2 | Found an ornate altar of the Wu Jian Council.
 42146 | Depths:2 | Found a corrupted altar of Lugonu.
 42146 | Depths:2 | Found a one-way gate to the infinite horrors of the Abyss.
 42253 | Depths:2 | Found a one-way gate leading to the halls of Pandemonium.
 42449 | Depths:2 | Received a gift from Sif Muna
 42450 | Depths:2 | Got Sif Muna's Papyrus of Cold {god gift}
 42712 | Depths:2 | Reached skill level 21 in Ice Magic
 42771 | Depths:2 | Killed a caustic shrike
 43957 | Shoals:1 | Entered Level 1 of the Shoals
 44492 | Shoals:1 | Reached XP level 20. HP: 156/187 MP: 35/39
 44655 | Shoals:1 | Noticed Jorgrun
 44659 | Shoals:1 | Killed Jorgrun
 45063 | Shoals:1 | Found Imiega's Weapon Emporium.
 45561 | Shoals:2 | Received a gift from Sif Muna
 45709 | Shoals:2 | Got Sif Muna's Handbook of Summoning and Attacks {god gift}
 47678 | Shoals:3 | Received a gift from Sif Muna
 47679 | Shoals:3 | Got Sif Muna's Papyrus of Evil {god gift}
 48139 | Shoals:4 | Entered Level 4 of the Shoals
 48204 | Shoals:4 | Noticed Polyphemus
 48208 | Shoals:4 | Killed Polyphemus
 48601 | Shoals:4 | Noticed Bai Suzhen
 48609 | Shoals:4 | Killed Bai Suzhen
 48934 | Shoals:4 | Got Losyan's Disquisition on Congealing Shape Shifting
 49486 | Shoals:4 | Got a barnacled rune of Zot
 49697 | Shoals:4 | Found Potrerent's Armour Emporium.
 50056 | Orc:2    | Bought a ring of poison resistance for 260 gold pieces
 50201 | Snake:1  | Entered Level 1 of the Snake Pit
 50242 | Snake:1  | Learned a level 8 spell: Maxwell's Capacitive Coupling
 50340 | Snake:1  | Reached skill level 22 in Ice Magic
 50537 | Snake:1  | Received a gift from Sif Muna
 50624 | Snake:1  | Found Vegysh's Antique Weapon Shoppe.
 50648 | Snake:1  | Found Emnoen's Magic Scroll Boutique.
 50649 | Snake:1  | Found Taabafuj's Armour Boutique.
 50649 | Snake:1  | Found Tyecs's Assorted Antiques.
 50653 | Snake:1  | Bought a scroll of identify for 34 gold pieces
 50653 | Snake:1  | Bought a scroll of identify for 34 gold pieces
 50653 | Snake:1  | Bought a scroll of identify for 34 gold pieces
 50653 | Snake:1  | Bought a scroll of identify for 34 gold pieces
 50653 | Snake:1  | Bought a scroll of teleportation for 51 gold pieces
 50653 | Snake:1  | Bought a scroll of identify for 34 gold pieces
 50653 | Snake:1  | Bought a scroll of teleportation for 51 gold pieces
 50657 | Snake:1  | Bought the +0 pair of gloves of the Unbroken {rElec Will+
                  | Slay-2} for 282 gold pieces
 50675 | Snake:1  | Bought a potion of heal wounds for 160 gold pieces
 50675 | Snake:1  | Bought a scroll of identify for 64 gold pieces
 50675 | Snake:1  | Bought a wand of iceblast (8) for 128 gold pieces
 50675 | Snake:1  | Bought a scroll of fog for 64 gold pieces
 50916 | Snake:1  | Noticed Aizul
 50923 | Snake:1  | Killed Aizul
 52026 | Snake:2  | Reached XP level 21. HP: 195/195 MP: 41/41
 52744 | Snake:2  | Reached skill level 10 in Air Magic
 53914 | Snake:2  | You are sucked into a shaft and drop 1 floor!
 54092 | Snake:3  | Found a transporter.
 54250 | Snake:3  | Found a transporter.
 54254 | Snake:3  | Identified the ring "Plog" {rF+ rN+ Int+6 Stlth+}
 54272 | Snake:3  | Identified the ring "Ipiy" {Ice Int+2 Dex+2}
 54375 | Snake:3  | Received a gift from Sif Muna
 54376 | Snake:3  | Got Sif Muna's Handbook of Flamy Arcane Weapons {god gift}
 54591 | Snake:4  | Entered Level 4 of the Snake Pit
 55456 | Snake:4  | Found Gaeqan's Magic Scroll Boutique.
 55463 | Snake:4  | Bought a scroll of enchant armour for 142 gold pieces
 55463 | Snake:4  | Bought a scroll of teleportation for 57 gold pieces
 55463 | Snake:4  | Bought a scroll of summoning for 180 gold pieces
 55463 | Snake:4  | Bought a scroll of enchant armour for 142 gold pieces
 55938 | Snake:4  | Identified the +12 war axe of Inflation {venom, rF+ Will+
                  | Str-3}
 56020 | Snake:4  | Received a gift from Sif Muna
 56023 | Snake:4  | Got Sif Muna's Collected Works on Changing and Heat {god
                  | gift}
 56533 | Snake:4  | Got a serpentine rune of Zot
 57074 | Snake:3  | Noticed Donald
 57078 | Snake:3  | Killed Donald
 57234 | Snake:3  | Noticed Saint Roka
 57245 | Snake:3  | Killed Saint Roka
 58519 | Slime:1  | Entered Level 1 of the Pits of Slime
 58657 | Lair:6   | Acquired the +2 pair of gloves "Ykloq" {rN+ Str+3}
 58679 | Slime:1  | Reached XP level 22. HP: 206/206 MP: 17/43
 58932 | Slime:2  | Received a gift from Sif Muna
 59819 | Slime:3  | Received a gift from Sif Muna
 60370 | Slime:5  | Entered Level 5 of the Pits of Slime
 60498 | Slime:5  | Found a viscous altar of Jiyva.
 60498 | Slime:5  | Noticed the Royal Jelly
 60518 | Slime:5  | Paralysed by a floating eye for 3 turns
 60521 | Slime:5  | Killed the Royal Jelly
 60549 | Slime:5  | Reached skill level 10 in Dodging
 61106 | Slime:5  | Got a slimy rune of Zot
 61108 | Slime:5  | Got Sif Muna's Tome of Doomed Calling
 61226 | Slime:5  | Received a gift from Sif Muna
 61229 | Slime:5  | Got Sif Muna's Handbook of Creative Battle Magic {god gift}
 62456 | D:11     | Killed Conn's ghost
 62457 | D:11     | Killed Heedrag's ghost
 62458 | D:11     | Reached skill level 23 in Ice Magic
 63247 | D:14     | You paid a toll of a +7 demon trident to enter a treasure
                  | trove
 63248 | Trove    | Entered a treasure trove
 63274 | Trove    | Identified the +0 pair of boots of the Vacuum {Harm Rampage
                  | Str-3}
 63298 | Trove    | Identified the amulet of Xekik {Spirit Slay+5}
 63300 | Trove    | Identified the ring "Porr" {Drain rC- rN+ Will+++ Stlth+}
 63302 | Trove    | Identified the ring of the Trilobite {Will+ Dex-2 Slay+2
                  | Stlth+}
 63304 | Trove    | Identified the amulet of Spontaneous Combustion {Spirit
                  | Regen+ Str+3 Int+2}
 63394 | Vaults:1 | Entered Level 1 of the Vaults
 63522 | Vaults:1 | Received a gift from Sif Muna
 63696 | Vaults:1 | Reached skill level 15 in Shields
 64009 | Vaults:1 | Noticed Asterion
 64015 | Vaults:1 | Killed Asterion
 64306 | Vaults:1 | Reached XP level 23. HP: 66/209 MP: 7/44
 64320 | Vaults:1 | HP: 9/210 [poisoned by a golden dragon (poison gas)]
 64321 | Vaults:1 | HP: 1/213 [poisoned by a golden dragon (poison gas)]
 64322 | Vaults:1 | Succumbed to a golden dragon's poison gas

Illustrated notes

Levels and vault maps discovered:
D:1:      amcnicky_arrival_single_pillar, layout_basic
D:2:      minmay_chambers_of_twos, layout_loops_ring, basic_altar
D:3:      minmay_razor_zed, layout_loops_cross, lemuel_crystal_altar,
          jmf_multi_god_temple, zin_statuary, serial_shops, nicolae_square_shop,
          minmay_misc_feat_roman
D:4:      layout_rooms, kennysheep_mini_moat, serial_corexii_hall,
          corexii_hall_statues_l, corexii_hall_statues_x,
          chequers_hall_statues_wall_a, corexii_hall_statues_l,
          corexii_hall_statues_u, corexii_hall_statues_i, minivault_1
D:5:      minmay_chambers_of_threes, layout_basic, minmay_fountain_box,
          minivault_4, minmay_misc_feat_ornament, uniq_crazy_yiuf_cottage
D:6:      layout_loops_ring, amcnicky_mini_rare_corridor_liquid,
          grunt_ministairs_3, uniq_prince_ribbit1, uniq_grinder,
          uniq_blork_the_orc
D:7:      layout_layer_cave, dk_xom_monty_hall, okawaru_gym_becter,
          lemuel_zombie_altar_kikubaaqudgha,
          minmay_temple_entry_drinking_statues, gammafunk_ghost_cemetery,
          enter_bailey_2, nicolae_ossuary_entry_catacombs, st_stairs_5
D:8:      layout_cave_pools, tgw_sif
D:9:      layout_roguey
D:10:     layout_roguey, serial_glass, glass_columns_a, glass_columns_b,
          feat_on_display, item_on_display_a, ebering_ghost_xom
D:11:     layout_cave_pools, lair_entry_dummy, gammafunk_ghost_cemetery,
          disabler_island
D:12:     layout_rooms, david_orc_2, minmay_diamond_spiral, uniq_rupert,
          uniq_urug, uniq_kirke, uniq_frances
D:13:     kennysheep_blocky_room, layout_layer_cave, david_vaults_5
D:14:     layout_basic, enter_trove_2, hellmonk_bongcloud_opening, uniq_roxanne
D:15:     gammafunk_depths_entry_grave, layout_loops_ring, uniq_josephine
Temple:   oiseaux_autumnal_temple
Lair:1:   layout_big_grid, minivault_27, small_statue_intersection,
          lemuel_fruit_tree
Lair:2:   layout_regular_city, guppyfry_snake_entry_island, beast_lair_carwin_4
Lair:3:   layout_long_grid, portal_ice_cave_entry_pillars_2, uniq_gastronok
Lair:4:   layout_misc_corridors, elwin_shoals_entry_stream, basic_altar,
          serial_bayou_shore_b, infiniplex_staircase_pool
Lair:5:   layout_misc_corridors, basic_altar, serial_bayou_shore_b
Lair:6:   minmay_lair_end_enchanted_forest, layout_hall_layers,
          dpeg_slime_entry_enclosed_altar, kennysheep_basilisk_garden
Shoals:1: layout_shoals, serial_shops, shop, nicolae_shoals_spectral_cove,
          uniq_jorgrun
Shoals:2: layout_shoals, nicolae_shoals_circle_sea_wall, nicolae_shoals_mertower
Shoals:3: layout_shoals
Shoals:4: shoals_end_hangedman, layout_shoals, serial_shops, shop,
          uniq_polyphemus, uniq_bai_suzhen
Snake:1:  layout_basic, nicolae_wooded_promenade, st_stairs_5,
          grunt_megastairs_5, uniq_aizul
Snake:2:  layout_chambers, serial_bayou_shore_b, grunt_megastairs_1
Snake:3:  gammafunk_its_a_trap, layout_basic, drop_trap, uniq_donald,
          uniq_saint_roka
Snake:4:  snake_pit_salamanders_mu, layout_cave_town, serial_shops,
          nicolae_shop_waterfront, nicolae_snake_boneroom
Slime:1:  nicolae_slime_jelly_donut, layout_caves
Slime:2:  layout_caves, nicolae_slime_welcoming_committee
Slime:3:  layout_caves
Slime:4:  layout_caves
Slime:5
Orc:1:    cheibrodos_orc_guarddog, layout_diamond_mine, uniq_snorg
Orc:2:    st_orc_congregation, layout_caves, special_room, serial_shops,
          shop_statue
Elf:1:    minmay_elf_arrival_summoners, layout_loops_ring,
          minmay_elf_annihilation, serial_sigils_hangedman_writhe
Elf:2:    nicolae_elf_blades_crystal_corner, layout_rooms, uniq_nikola
Elf:3:    minmay_elf_hall_quartered_circle, layout_geoelf_castle,
          ebering_ghost_gozag, serial_shops, shop
Vaults:1: st_octagons_2, v_misc_25, vaults_room_pool, ontoclasm_vaults_fault,
          ontoclasm_vaults_claustrophobia, hangedman_vaults_restitches,
          hangedman_vaults_river_flow, nicolae_vaults_what_the_h,
          hangedman_vaults_corner_blocks, grunt_vaults_diagonal,
          ontoclasm_vaults_spin, nicolae_vaults_theta, v_misc_30,
          hangedman_vaults_pinch, layout_vaults_omnibox, uniq_asterion
Depths:1: layout_big_octagon, serial_glass, glass_columns_a, glass_columns_c,
          hell_entry, grunt_decor_junction, chequers_serial_rivers_large_a,
          minmay_checkered_concentric_circles, uniq_mara
Depths:2: cross_vault, layout_gridlike, grunt_mini_vestibule,
          nicolae_wu_jian_immortal_techniques, rand_demon_pan_entry_1,
          abyss_entry_flame_altar, minmay_shop_grove

Skill      XL: |  1  2  3  4  5  6  7  8  9 10 11 12 13 14 15 16 17 18 19 20 21 22 |
---------------+-------------------------------------------------------------------+-----
Fighting       | 1 2 3 4 5 6 8 9 11 12 13 15 16 17 18 19 20 | 20.0
Spellcasting   | 3 4 5 6 7 8 9 10 11 12 13 14 15 16 17 | 17.7
Ice Magic      | 5 6 7 8 9 10 12 14 16 17 18 19 20 21 22 23 | 23.1
Shields        | 2 4 6 7 9 10 11 12 13 14 15 | 15.1
Invocations    | 3 6 9 10 11 | 11.5
Dodging        | 4 6 7 9 10 | 10.6
Air Magic      | 4 7 9 11 13 | 13.5
Stealth        | |  1.7

Action                   |  1- 3 |  4- 6 |  7- 9 | 10-12 | 13-15 | 16-18 | 19-21 | 22-24 || total
-------------------------+-------+-------+-------+-------+-------+-------+-------+-------++-------
Melee: Unarmed           |    13 |       |       |       |       |       |       |       ||    13
       Dagger            |   141 |   114 |       |       |       |       |       |       ||   255
       Tailslap          |    15 |    12 |    12 |    71 |    49 |    44 |    57 |    11 ||   271
       Broad axe         |       |    13 |   103 |   489 |   358 |   204 |   299 |    68 ||  1534
 Cast: Freeze            |    21 |    32 |    10 |   111 |    10 |       |       |     4 ||   188
       Frozen Ramparts   |       |     5 |    20 |    40 |     4 |     2 |       |       ||    71
       Ozocubu's Armour  |       |     2 |     9 |    39 |    18 |     9 |     2 |     2 ||    81
       Hailstorm         |       |       |       |    12 |    11 |     1 |       |       ||    24
       Ozocubu's Refrige |       |       |       |       |   176 |   197 |   384 |   112 ||   869
       Polar Vortex      |       |       |       |       |       |     4 |    25 |     8 ||    37
       Maxwell's Capacit |       |       |       |       |       |       |     1 |    10 ||    11
Invok: Channel Magic     |       |       |       |       |     3 |     6 |     8 |     5 ||    22
 Abil: Breathe Lightning |       |       |     1 |     6 |       |     1 |       |       ||     8
Evoke: Wand              |       |       |     5 |    35 |    12 |       |       |       ||    52
  Use: Scroll            |       |       |       |    20 |     4 |     6 |     9 |     7 ||    46
       Potion            |       |       |       |     1 |       |     1 |     2 |       ||     4
 Stab: Sleeping          |     7 |     6 |     3 |     3 |     1 |     2 |     1 |     1 ||    24
       Paralysed         |       |       |     9 |     1 |       |       |       |       ||    10
       Distracted        |       |       |     1 |       |       |       |       |       ||     1
Armor: Skin              |    61 |    48 |    68 |   481 |   307 |   107 |   113 |    70 ||  1255
Dodge: Dodged            |   103 |   108 |    70 |   456 |   299 |   108 |   338 |   114 ||  1596
Block: Buckler           |       |       |    26 |   359 |   344 |   209 |   453 |   150 ||  1541
       Reflection        |       |       |       |       |    11 |    16 |    58 |    11 ||    96

Table legend: (Time is in decaauts)
 A = Elapsed time spent in this place.
 B = Non-inter-level travel time spent in this place.
 C = Inter-level travel time spent in this place.
 D = Time resting spent in this place.
 E = Time spent auto-exploring this place.
 F = Levels seen in this place.
 G = Mean time per level.
                   A        B        C        D        E       F      G
               +--------+--------+--------+--------+--------+-----+--------+
         Total |  67231 |  63747 |   3484 |  11432 |  41885 |  46 | 1461.5 |
       Dungeon |  20516 |  19324 |   1192 |   2628 |  13611 |  15 | 1367.7 |
        Temple |    358 |    325 |     33 |      0 |    312 |   1 |  358.0 |
          Lair |  10454 |   9449 |   1005 |   1467 |   6509 |   6 | 1742.3 |
        Shoals |   6445 |   6085 |    360 |    471 |   4799 |   4 | 1611.2 |
     Snake Pit |   8631 |   8480 |    151 |   1232 |   6090 |   4 | 2157.8 |
    Slime Pits |   3600 |   3454 |    146 |    932 |   1833 |   5 |  720.0 |
  Orcish Mines |   2332 |   2058 |    274 |    112 |   1467 |   2 | 1166.0 |
   Elven Halls |   6639 |   6389 |    250 |   1479 |   3831 |   3 | 2213.0 |
        Vaults |    968 |    968 |      0 |    349 |    367 |   1 |  968.0 |
        Depths |   4934 |   4865 |     69 |   1489 |   2766 |   2 | 2467.0 |
         Abyss |    265 |    265 |      0 |    113 |      0 |   1 |  265.0 |
         Trove |     76 |     76 |      0 |      0 |      0 |   1 |   76.0 |
      Ice Cave |   2009 |   2009 |      0 |   1159 |    294 |   1 | 2009.0 |
               +--------+--------+--------+--------+--------+-----+--------+

Top non-repeatable levels by time:
Depths:2: 3271 daAuts
   Elf:3: 3161 daAuts
 Snake:2: 2912 daAuts
  Lair:6: 2573 daAuts
     D:7: 2455 daAuts
   Elf:1: 2367 daAuts
 Snake:4: 2280 daAuts
  Lair:3: 2018 daAuts
   IceCv: 2009 daAuts
  Lair:2: 1897 daAuts
Shoals:1: 1813 daAuts
Shoals:4: 1775 daAuts
    D:13: 1753 daAuts
 Snake:1: 1749 daAuts
     D:1: 1737 daAuts
